 Dungeon Crawl Stone Soup version 0.31-a0-221-gbddc013574 (webtiles) character file.

Game seed: 8822266490651289714

4169 qw the Skirmisher (level 10, 0/90 HPs)
             Began as a Minotaur Hexslinger on July 4, 2023.
             Was a Follower of Okawaru.
             Slain by a killer bee (4 damage)
             ... on level 8 of the Dungeon.
             The game lasted 00:02:51 (6360 turns).

qw the Skirmisher (Minotaur Hexslinger)             Turns: 6360, Time: 00:02:51

Health: 0/90       AC:  9    Str: 22    XL:     10   Next: 7%
Magic:  10/11      EV: 17    Int: 14    God:    Okawaru [*.....]
Gold:   487        SH:  0    Dex: 16    Spells: 10/11 levels left

rFire   . . .        l - +0 orcbow
rCold   . . .        (shield currently unavailable)
rNeg    . . .        g - +4 robe of Zeempy {Fly Str+4}
rPois   .            (helmet restricted)
rElec   .            k - +0 cloak
rCorr   +            b - +0 pair of gloves
SInv    .            (no boots)
Will    .....        (no amulet)
Stlth   +++          h - ring of resist corrosion
HPRegen 0.35/turn    j - +6 ring of strength
MPRegen 0.12/turn

%: no passive effects
@: lethally poisoned (0 -> -22), about to teleport, heroic, flying
A: horns 2, retaliatory headbutt, clever 1, high MP 1, screaming 1
a: Renounce Religion, Heroism


You were on level 8 of the Dungeon.
You worshipped Okawaru.
Okawaru was aware of your devotion.
You visited 2 branches of the dungeon, and saw 9 of its levels.

You collected 487 gold pieces.


Innate Abilities, Weirdness & Mutations

You have a pair of horns on your head.
You reflexively headbutt those who attack you in melee.
Your mind is acute. (Int +4, Str/Dex -1)
You have an increased reservoir of magic. (+10% MP)
You occasionally shout uncontrollably at your foes.


   Skills:
 - Level 8.4(13.4) Fighting
 + Level 12.8(17.8) Ranged Weapons
 - Level 2.3(7.3) Armour
 - Level 5.1(10.1) Dodging
 - Level 1.0 Spellcasting
 - Level 2.0 Hexes
 + Level 1.9 Invocations


You had 10 spell levels left.
You knew the following spells:

 Your Spells              Type           Power      Damage    Failure   Level
a - Slow                  Hex            24%        N/A       12%         1

Your spell library contained the following spells:

 Spells                   Type           Power      Damage    Failure   Level
 Inner Flame              Hex/Fire       3%         N/A       45%         3
 Portal Projectile        Hex/Tloc       6%         N/A       45%         3
 Cause Fear               Hex            3%         N/A       75%         4

Inventory:

Hand Weapons
 l - a +0 orcbow (weapon)
Armour
 b - a +0 pair of gloves (worn)
 g - the +4 robe of Zeempy (worn) {Fly Str+4}
   (You found it on level 2 of the Dungeon)

   Str:       It affects your strength (+4).
   Fly:       It grants you flight.
 k - a +0 cloak (worn)
Jewellery
 h - a ring of resist corrosion (left hand)
 j - a +6 ring of strength (right hand)
Scrolls
 a - 6 scrolls of identify
 m - 2 scrolls of teleportation
Potions
 c - a potion of resistance
 d - 3 potions of curing
 e - a potion of mutation
 f - a potion of haste
 i - 2 potions of might
 n - a potion of magic {unknown}

Dungeon Overview and Level Annotations

Branches:
Dungeon (8/15)             Temple (1/1) D:7
   Lair: D:8-11

Altars:
Ashenzari
Cheibriados
Dithmenos
Elyvilon
Gozag
Kikubaaqudgha
Makhleb
Nemelex Xobeh
Okawaru
Qazlal
Ru
Sif Muna
Trog
Uskayaw
Vehumet
Wu Jian
Yredelemnul
Zin
The Shining One

Shops:
D:1 (

Annotations:
D:4 2 runed translucent doors, qw's ghost, amateur GrHs
D:5 3 runed translucent doors, qw's ghost, amateur DEHu


Message History

The arrow closely misses the killer bee.
You feel sick. The centaur barely misses you. You furiously retaliate!
You headbutt the centaur! The centaur closely misses you.
The killer bee barely misses you. The killer bee closely misses you.
6356 ||| READING 3 scrolls of teleportation.
As you read the scroll of teleportation, it crumbles to dust.
You feel strangely unstable.
You feel very sick. The killer bee completely misses you.
The killer bee stings you but does no damage.
The centaur misses you.
The centaur kicks you but does no damage.
The killer bee barely misses you. You furiously retaliate!
You headbutt the killer bee! The killer bee completely misses you.
The centaur closely misses you. The centaur kicks you.
You shoot an arrow.
The arrow completely misses the killer bee.
You feel sick. The killer bee barely misses you.
The killer bee stings you but does no damage.
The centaur completely misses you. You furiously retaliate!
You headbutt the centaur. The centaur kicks you.
You shoot an arrow. The arrow hits the killer bee.
You kill the killer bee!
Okawaru accepts your kill.
You feel sick.
The killer bee stings you but does no damage.
The centaur hits you but does no damage.
The centaur closely misses you. The killer bee closely misses you.
You shoot an arrow. The arrow hits the centaur.
The centaur is heavily wounded.
You feel sick. The killer bee stings you.
You are lethally poisoned!
The killer bee poisons you! The centaur hits you.
The centaur kicks you but does no damage.
You shoot an arrow. The arrow closely misses the centaur.
You feel sick. The killer bee stings you.
You are more poisoned.
The killer bee poisons you! The centaur misses you.
The centaur completely misses you. The killer bee stings you.
You die...

#....###. .$.....
#...### ## ...... #..##
..... #..# #...# #..#
#...####..#
#####...#....#
......%%c....#
......y@%....#
......#......#
.......##....#
.......###...#
.............#
...#######...## #####
...#..$..#....######....
..#..$$.#.##..##.......
#.._..+.###.##.......


You could see a centaur and a killer bee.

Vanquished Creatures
  A hornet (D:7)
  Grinder (D:3)
  4 yaks (D:8)
  An orc warrior (D:6)
  A sky beast (D:7)
  7 black bears
  An ice beast (D:6)
  3 ogres (D:5)
  2 centaurs
  2 kobold brigands
  3 phantoms
  A bullfrog (D:6)
  4 wights (D:8)
  8 killer bees (D:8)
  2 howler monkeys
  A bullfrog zombie (D:5)
  A jelly (D:5)
  5 orc priests
  2 gnoll boudas
  2 hounds
  3 iguanas
  5 orc wizards
  A hound zombie (D:5)
  8 adders
  11 gnolls
  A white imp (D:6)
  An ufetubus (D:6)
  3 worms
  A dart slug (D:4)
  37 orcs
  5 ball pythons
  4 endoplasms
  3 giant cockroaches
  3 goblins
  8 hobgoblins
  4 jackals (D:2)
  13 kobolds
  4 quokkas
  7 bats
  2 frilled lizards
  3 rats
179 creatures vanquished.

Notes
Turn   | Place    | Note
-------+----------+-------------------------------------------
     0 | D:1      | qw the Minotaur Hexslinger began the quest for the Orb.
     0 | D:1      | Reached XP level 1. HP: 16/16 MP: 1/1
     0 | D:1      | 0 ||| qw: Version: 0.3-a-40-ge99b1a8
     0 | D:1      | 0 ||| qw: Game counter: 641
     0 | D:1      | 0 ||| qw: Melee chars always use a shield: true
     0 | D:1      | 0 ||| qw: God list: Okawaru
     0 | D:1      | 0 ||| qw: Allow faded altars: false
     0 | D:1      | 0 ||| qw: Do Orc after clearing Dungeon:15 true
     0 | D:1      | 0 ||| qw: Do second Lair branch before Depths: true
     0 | D:1      | 0 ||| qw: Lair rune preference: random
     0 | D:1      | 0 ||| qw: Goals: Normal
     0 | D:1      | 0 ||| PLANNING D:1-11
   482 | D:1      | Found Ijopop's Weapon Shoppe.
   589 | D:1      | Reached skill level 3 in Ranged Weapons
   595 | D:1      | 595 ||| READING 2 scrolls labelled LINLEMAHASH.
   596 | D:1      | 596 ||| READING scroll labelled HOTEOMP ZUNEC.
   597 | D:1      | 597 ||| READING scroll labelled LEFAER LINOET.
   598 | D:1      | 598 ||| READING scroll labelled YJOREAZEORPH.
   599 | D:1      | 599 ||| READING scroll labelled SADYOG OGUFANT.
   599 | D:1      | Identified a scroll of acquirement
   599 | D:1      | 599 ||| ACQUIRING +2 sling of electrocution
   599 | D:1      | Acquired a +2 sling of electrocution
   601 | D:1      | 601 ||| SWAPPING to +2 sling of electrocution.
   602 | D:1      | 602 ||| DROPPING +1 sling.
   603 | D:1      | 603 ||| READING scroll labelled AMISCH ECZUL.
   608 | D:1      | 608 ||| DRINKING 3 bubbling cyan potions.
   609 | D:1      | 609 ||| DROPPING scroll of poison.
   651 | D:2      | Reached XP level 2. HP: 23/23 MP: 2/2
   853 | D:2      | Identified the +4 robe of Zeempy {Fly Str+4}
  1197 | D:2      | Reached XP level 3. HP: 29/29 MP: 3/3
  1214 | D:2      | 1214 ||| UPGRADING to +0 pair of gloves.
  1219 | D:2      | 1219 ||| UPGRADING to +4 robe of Zeempy {Fly Str+4}.
  1229 | D:2      | 1229 ||| DROPPING +0 robe.
  1230 | D:2      | 1230 ||| READING scroll labelled XUQISUW IMAMA.
  1231 | D:2      | 1231 ||| READING scroll labelled EZXYSUN WUZATZ.
  1232 | D:2      | 1232 ||| READING 3 scrolls of identify.
  1232 | D:2      | 1232 ||| IDENTIFYING black potion
  1233 | D:2      | 1233 ||| READING 2 scrolls of identify.
  1233 | D:2      | 1233 ||| IDENTIFYING fuming green potion
  1234 | D:2      | 1234 ||| DROPPING potion of berserk rage.
  1235 | D:2      | 1235 ||| DROPPING potion of attraction.
  1486 | D:3      | Reached skill level 4 in Ranged Weapons
  1490 | D:3      | Reached XP level 4. HP: 36/36 MP: 4/4
  1777 | D:3      | Noticed Grinder
  1783 | D:3      | Killed Grinder
  1784 | D:3      | Reached skill level 6 in Ranged Weapons
  1784 | D:3      | Reached XP level 5. HP: 15/41 MP: 5/5
  1989 | D:3      | Reached XP level 6. HP: 47/48 MP: 6/6
  2083 | D:3      | 2083 ||| READING scroll labelled TIEQUM BAIR.
  2084 | D:3      | 2084 ||| DRINKING 2 coppery potions.
  2085 | D:3      | 2085 ||| DRINKING 2 sapphire potions.
  2086 | D:3      | 2086 ||| READING 3 scrolls of identify.
  2086 | D:3      | 2086 ||| IDENTIFYING bubbling purple potion
  2087 | D:3      | 2087 ||| READING 2 scrolls of identify.
  2087 | D:3      | 2087 ||| IDENTIFYING smoky green potion
  2088 | D:3      | 2088 ||| DROPPING potion of ambrosia.
  2133 | D:4      | Found a runed translucent door.
  2138 | D:4      | Noticed qw's ghost (amateur GrHs)
  2158 | D:4      | 2158 ||| UPGRADING to ring of resist corrosion.
  2169 | D:4      | 2169 ||| UPGRADING to +6 ring of strength.
  2191 | D:4      | Reached skill level 3 in Fighting
  2234 | D:4      | 2234 ||| FLEEEEING.
  2235 | D:4      | 2235 ||| FLEEEEING.
  2236 | D:4      | 2236 ||| FLEEEEING.
  2237 | D:4      | 2237 ||| FLEEEEING.
  2238 | D:4      | 2238 ||| STAIRDANCE
  2339 | D:4      | 2339 ||| FLEEEEING.
  2340 | D:4      | 2340 ||| FLEEEEING.
  2350 | D:4      | 2350 ||| FLEEEEING.
  2353 | D:4      | 2353 ||| STAIRDANCE
  2395 | D:4      | Found a sacrificial altar of Ru.
  2420 | D:4      | Found a runed translucent door.
  2451 | D:4      | 2451 ||| Stepping ~*~*~tactically~*~*~ (outnumbered).
  2453 | D:4      | 2453 ||| Stepping ~*~*~tactically~*~*~ (outnumbered).
  2455 | D:4      | 2455 ||| Stepping ~*~*~tactically~*~*~ (outnumbered).
  2464 | D:4      | Reached skill level 7 in Ranged Weapons
  2535 | D:4      | Found a hide-covered altar of Uskayaw.
  2563 | D:4      | Reached XP level 7. HP: 45/59 MP: 7/7
  2696 | D:4      | Reached skill level 8 in Ranged Weapons
  2767 | D:4      | Reached skill level 3 in Dodging
  2934 | D:4      | 2934 ||| UPGRADING to +0 cloak.
  2939 | D:4      | 2939 ||| DRINKING 2 fuming black potions.
  2939 | D:4      | Gained mutation: You do not regenerate when monsters are
                  | visible. [potion of mutation]
  2939 | D:4      | Gained mutation: You passively map a small area around you.
                  | [potion of mutation]
  2940 | D:4      | 2940 ||| DRINKING potion of mutation.
  2940 | D:4      | Lost mutation: You passively map a small area around you.
                  | [potion of mutation]
  2940 | D:4      | Lost mutation: You do not regenerate when monsters are
                  | visible. [potion of mutation]
  2940 | D:4      | Gained mutation: Your mind is acute. (Int +4, Str/Dex -1)
                  | [potion of mutation]
  2940 | D:4      | Gained mutation: You occasionally shout uncontrollably at
                  | your foes. [potion of mutation]
  2940 | D:4      | Gained mutation: You have an increased reservoir of magic.
                  | (+10% MP) [potion of mutation]
  2965 | D:5      | Entered Level 5 of the Dungeon
  3055 | D:5      | Reached XP level 8. HP: 66/69 MP: 9/9
  3062 | D:5      | Reached skill level 9 in Ranged Weapons
  3116 | D:5      | Found a runed translucent gate.
  3116 | D:5      | Found a runed translucent gate.
  3116 | D:5      | Found a runed translucent gate.
  3116 | D:5      | Noticed qw's ghost (amateur DEHu)
  3118 | D:5      | 3118 ||| READING 2 scrolls of identify.
  3118 | D:5      | 3118 ||| IDENTIFYING orange potion
  3119 | D:5      | 3119 ||| DROPPING potion of lignification.
  3120 | D:5      | Found a basalt altar of Yredelemnul.
  3182 | D:5      | Reached skill level 6 in Fighting
  3366 | D:5      | 3366 ||| SWAPPING to +0 shortbow.
  3377 | D:5      | 3377 ||| DROPPING +2 sling of electrocution.
  3506 | D:5      | Reached skill level 10 in Ranged Weapons
  3842 | D:5      | 3842 ||| READING scroll labelled PIPSEW ITIEF.
  4022 | D:6      | 4022 ||| FLEEEEING.
  4134 | D:6      | Reached XP level 9. HP: 77/79 MP: 10/10
  4642 | D:6      | 4642 ||| READING 3 scrolls labelled JOARESKAWI.
  4643 | D:6      | 4643 ||| READING 2 scrolls of brand weapon.
  4643 | D:6      | 4643 ||| BRANDING +0 shortbow of flaming.
  4644 | D:6      | 4644 ||| READING scroll of brand weapon.
  4644 | D:6      | 4644 ||| BRANDING +0 shortbow of chaos.
  4645 | D:6      | 4645 ||| READING scroll labelled URAREF BIQI.
  4731 | D:7      | Reached skill level 11 in Ranged Weapons
  4731 | D:7      | 4731 ||| FLEEEEING.
  4769 | D:7      | Identified the +3 broad axe "Duboleos" {protect, *Rage rN++
                  | Str+4}
  4771 | D:7      | Found a stormy altar of Qazlal.
  4889 | D:7      | 4889 ||| Stepping ~*~*~tactically~*~*~ (outnumbered).
  4891 | D:7      | 4891 ||| Stepping ~*~*~tactically~*~*~ (outnumbered).
  4893 | D:7      | 4893 ||| Stepping ~*~*~tactically~*~*~ (outnumbered).
  4980 | D:7      | Found a staircase to the Ecumenical Temple.
  4981 | D:7      | 4981 ||| PLANNING TEMPLE
  4989 | Temple   | Entered the Ecumenical Temple
  4990 | Temple   | 4990 ||| PLANNING OKAWARU WORSHIP
  5062 | Temple   | Became a worshipper of Warmaster Okawaru
  5063 | Temple   | 5063 ||| PLANNING D:1-11
  5362 | D:7      | 5362 ||| READING 2 scrolls labelled OSMIRA GAYSTAM.
  5363 | D:7      | 5363 ||| READING 7 scrolls of identify.
  5363 | D:7      | 5363 ||| IDENTIFYING fuming silvery potion
  5364 | D:7      | 5364 ||| DROPPING scroll of noise.
  5365 | D:7      | 5365 ||| DROPPING potion of degeneration.
  5419 | D:8      | Reached skill level 12 in Ranged Weapons
  5462 | D:8      | 5462 ||| FLEEEEING.
  5463 | D:8      | 5463 ||| STAIRDANCE
  5624 | D:8      | Found a white marble altar of Elyvilon.
  5726 | D:8      | 5726 ||| SWAPPING to +0 orcbow.
  5727 | D:8      | 5727 ||| DROPPING +1 shortbow of flaming.
  5789 | D:8      | Found an opulent altar of Gozag.
  5858 | D:8      | 5858 ||| Stepping ~*~*~tactically~*~*~ (outnumbered).
  5859 | D:8      | 5859 ||| Stepping ~*~*~tactically~*~*~ (outnumbered).
  5861 | D:8      | 5861 ||| Stepping ~*~*~tactically~*~*~ (outnumbered).
  6276 | D:8      | Reached * piety under Okawaru
  6329 | D:8      | Found a sparkling altar of Nemelex Xobeh.
  6342 | D:8      | Reached XP level 10. HP: 88/90 MP: 11/11
  6345 | D:8      | Reached skill level 1 in Invocations
  6349 | D:8      | 6349 ||| INVOKING Heroism.
  6355 | D:8      | HP: 22/90 [poisoned by a killer bee]
  6356 | D:8      | 6356 ||| READING 3 scrolls of teleportation.
  6360 | D:8      | HP: 9/90 [poisoned by a killer bee]
  6360 | D:8      | HP: 4/90 [killer bee (5)]
  6360 | D:8      | Slain by a killer bee

Levels and vault maps discovered:
D:1:      dpeg_arrival_boxes_within_box, layout_basic, serial_shops, shop
D:2:      layout_loops_ring, minmay_split_cup_small
D:3:      layout_basic, uniq_grinder
D:4:      layout_basic, nicolae_ru_awakened_eye,
          mainiacjoe_overflow_surrounded_room, ebering_ghost_sewer_f,
          serial_rivers, chequers_serial_rivers_micro_c,
          chequers_serial_rivers_micro_c, chequers_serial_rivers_room_a,
          chequers_serial_rivers_room_a, chequers_serial_rivers_small_a
D:5:      layout_gridville, nicolae_yredelemnul_ghost_church
D:6:      layout_basic
D:7:      layout_rooms, lemuel_doored_altar, minmay_temple_entry_ruins,
          kennysheep_donut
D:8:      layout_cave_pods, amcnicky_altar_gilded, elyvilon_altar_4,
          kennysheep_little_box
Temple:   nicolae_temple_hex_pool

Skill      XL: |  1  2  3  4  5  6  7  8  9 10 |
---------------+-------------------------------+-----
Ranged Weapons | 3 4 6 7 8 10 12 | 12.8
Fighting       | 2 4 5 7 8 |  8.4
Dodging        | 3 4 5 |  5.1
Armour         | 2 |  2.3
Invocations    | 1 |  1.9
Spellcasting   | |  1.0
Hexes          | |  2.0

Action                     |  1- 3 |  4- 6 |  7- 9 | 10-12 || total
---------------------------+-------+-------+-------+-------++-------
   Fire: Sling             |    72 |   110 |    74 |       ||   256
         Shortbow          |       |       |   242 |       ||   242
         Orcbow            |       |       |    79 |    17 ||    96
 Invoke: Heroism           |       |       |       |     1 ||     1
    Use: Scroll            |    10 |     3 |     8 |     1 ||    22
         Potion            |     1 |     2 |     2 |       ||     5
 Armour: Robe              |     4 |    14 |    61 |    20 ||    99
  Dodge: Dodged            |    10 |    26 |   121 |    59 ||   216

Table legend:
 A = Non-vault XP
 B = Vault XP
 C = Vault XP percentage of total XP
 D = Non-vault monster count
 E = Vault monster count
 F = Vault count percentage of total count
                 A         B        C        D         E       F
            +---------+---------+-------+---------+---------+-------
      Total |    5629 |     328 |   5.5 |     172 |       7 |   3.9
            +---------+---------+-------+---------+---------+-------
        D:1 |      11 |       0 |   0.0 |       6 |       0 |   0.0
        D:2 |      30 |       5 |  14.3 |      15 |       3 |  16.7
        D:3 |      91 |     254 |  73.6 |      22 |       1 |   4.3
        D:4 |     692 |       0 |   0.0 |      31 |       0 |   0.0
        D:5 |    1160 |      67 |   5.5 |      19 |       2 |   9.5
        D:6 |     753 |       0 |   0.0 |      24 |       0 |   0.0
        D:7 |     865 |       0 |   0.0 |      26 |       0 |   0.0
        D:8 |    2027 |       2 |   0.1 |      29 |       1 |   3.3
            +---------+---------+-------+---------+---------+-------
